 Dungeon Crawl Stone Soup version 0.26-a0-651-gb41185065b (webtiles) character file.

Game seed: 696999008009293728

423 Flugslaktarn the Chopper (level 6, -2/58 HPs)
             Began as a Deep Dwarf Fighter on Oct 6, 2020.
             Killed by nerve-wracking pain
             ... invoked by Menkaure
              (11 damage)
             ... on level 5 of the Dungeon.
             The game lasted 00:00:47 (853 turns).

Flugslaktarn the Chopper (Deep Dwarf Fighter)        Turns: 853, Time: 00:00:48

Health: -2/58      AC:  7    Str: 22    XL:     6   Next: 63%
Magic:  4/4        EV:  7    Int:  8    God:
Gold:   113        SH: 10    Dex: 12    Spells: 5/5 levels left

rFire    . . .     SeeInvis .   a - +0 war axe
rCold    . . .     Faith    .   c - +0 kite shield
rNeg     . . .     Spirit   .   b - +0 scale mail
rPois    .         Reflect  .   (no helmet)
rElec    .         Harm     .   (no cloak)
rCorr    .         Rampage  .   (no gloves)
MR       .....                  (no boots)
Stlth    +.........             (no amulet)
HPRegen  0.00/turn              m - ring of stealth
MPRegen  0.09/turn              (no ring)

@: non-regenerating
A: damage resistance, heal wounds, sense surroundings 1, no regeneration
a: Heal Wounds


You were on level 5 of the Dungeon.
You visited 1 branch of the dungeon, and saw 5 of its levels.

You collected 113 gold pieces.

Inventory:

Hand Weapons
 a - a +0 war axe (weapon)
Armour
 b - a +0 scale mail (worn)
 c - a +0 kite shield (worn)
Jewellery
 m - a ring of stealth (left hand)
   (You found it on level 4 of the Dungeon)
Scrolls
 f - 3 scrolls of teleportation {unknown}
 g - 2 scrolls of remove curse {unknown}
 h - a scroll of amnesia {unknown}
 i - 2 scrolls of identify {unknown}
 o - a scroll of fear {unknown}
Potions
 d - 3 potions of might
 e - a potion of brilliance {unknown}
 j - a potion of flight {unknown}
 k - 4 potions of stabbing {unknown}
 l - a potion of cancellation {unknown}
 n - 2 potions of curing {unknown}
 p - a potion of lignification {unknown}


   Skills:
 * Level 4.5 Fighting
 * Level 4.8 Axes
 + Level 4.4 Armour
 + Level 4.5 Shields


You had 5 spell levels left.
You didn't know any spells.
Your spell library was empty.

Dungeon Overview and Level Annotations

Branches:
Dungeon (5/15)
 Temple: D:4-7

Altars:
Okawaru
Sif Muna

Shops:
D:4 [

Annotations:
D:5 Menkaure


Innate Abilities, Weirdness & Mutations

You are resistant to damage.
You can heal yourself by infusing magical energy.
You passively map a small area around you.
You do not regenerate.


Message History

You feel much better. Menkaure hits you!
You barely miss Menkaure.
Menkaure is heavily damaged.
Menkaure rustles, "It doesn't hurt if you pull your brain out of your nose yourself."
Menkaure gestures wildly while chanting.
Menkaure seems to speed up.
You slash Menkaure!
Menkaure is almost destroyed.
Menkaure barely misses you. You block Menkaure's attack.
You hit Menkaure but do no damage.
Menkaure is severely damaged.
Menkaure calls on the powers of darkness!
Your body is wracked with pain!
You hit Menkaure.
Menkaure is almost destroyed.
Menkaure hits you!!
* * * LOW HITPOINT WARNING * * *
Menkaure casts a spell at you. Pain shoots through your body!
You die...

### ,...
*,***#.#** ##.#
* *, #..#######
, #........#
#..<.....# ,
#.<......# , , *
#@.......#
......M?.......#
*
...........#####
######..##.$# ∩
#.!# #.# ###**
#..# *.# * ?.*
.... .. * ..*
,.##.. ,.*
.######.# ,


You could see Menkaure (fast).

Vanquished Creatures
  A phantom (D:4)
  An ogre (D:4)
  A scorpion (D:4)
  A howler monkey (D:4)
  A jelly (D:4)
  An iguana (D:4)
  A bullfrog skeleton (D:4)
  6 adders
  2 worms
  3 leopard geckos
  A ball python (D:4)
  3 giant cockroaches (D:1)
  A goblin (D:2)
  2 hobgoblins
  A quokka (D:4)
  2 bats
  2 frilled lizards (D:4)
  7 kobolds
  2 quokka skeletons (D:4)
  A rat (D:1)
40 creatures vanquished.

Notes
Turn   | Place    | Note
-------+----------+-------------------------------------------
     0 | D:1      | Flugslaktarn the Deep Dwarf Fighter began the quest for the
                  | Orb.
     0 | D:1      | Reached XP level 1. HP: 20/20 MP: 1/1
    30 | D:1      | Reached XP level 2. HP: 13/27 MP: 2/2
   154 | D:2      | Reached XP level 3. HP: 29/34 MP: 3/3
   280 | D:4      | Noticed a phantom
   311 | D:4      | Killed a phantom
   311 | D:4      | Reached XP level 4. HP: 31/44 MP: 4/4
   335 | D:4      | Reached XP level 5. HP: 35/50 MP: 5/5
   353 | D:5      | Entered Level 5 of the Dungeon
   364 | D:4      | Found a shimmering blue altar of Sif Muna.
   430 | D:4      | Found Leim's Armour Emporium.
   437 | D:4      | Reached XP level 6. HP: 55/57 MP: 5/5
   515 | D:4      | Found an iron altar of Okawaru.
   842 | D:5      | Noticed Menkaure
   853 | D:5      | Killed from afar by Menkaure

Illustrated notes

Levels and vault maps discovered:
D:1:      scummos_arrival_simple_fountains, layout_rooms, st_stairs_1
D:2:      layout_rooms, grunt_temple_overflow_gold_and_silver,
          minmay_octomino_c4
D:3:      layout_loops_ring, patterned_corridor, uniq_crazy_yiuf_cottage
D:4:      layout_rooms, overflow_temple_1_default,
          nicolae_overflow_crystal_walls, serial_shops, nicolae_shop_stone,
          minmay_manual_macuahuitl
D:5:      layout_rooms, ebering_ghost_gozag, uniq_sigmund, uniq_menkaure

Skill      XL: |  1  2  3  4  5 |
---------------+----------------+-----
Fighting       | 3 4 |  4.5
Axes           | 3 4 |  4.8
Armour         | 4 |  4.4
Shields        | 4 |  4.5

Action                   |  1- 3 |  4- 6 || total
-------------------------+-------+-------++-------
Melee: War axe           |    72 |    87 ||   159
 Abil: Heal Wounds       |     2 |     6 ||     8
Armor: Scale mail        |    36 |    35 ||    71
Dodge: Dodged            |    28 |    31 ||    59
Block: Kite shield       |    41 |    57 ||    98

Table legend: (Time is in decaauts)
 A = Elapsed time spent in this place.
 B = Non-inter-level travel time spent in this place.
 C = Inter-level travel time spent in this place.
 D = Time resting spent in this place.
 E = Time spent auto-exploring this place.
 F = Levels seen in this place.
 G = Mean time per level.
                   A        B        C        D        E       F      G
               +--------+--------+--------+--------+--------+-----+--------+
         Total |    917 |    861 |     56 |      0 |    510 |   5 |  183.4 |
       Dungeon |    917 |    861 |     56 |      0 |    510 |   5 |  183.4 |
               +--------+--------+--------+--------+--------+-----+--------+

Top non-repeatable levels by time:
     D:4: 620 daAuts
     D:2: 125 daAuts
     D:1: 104 daAuts
     D:3: 52 daAuts
     D:5: 15 daAuts
